 Dungeon Crawl Stone Soup version 0.18.1-47-g9310371 (webtiles) character file.

572 KrisztiCat the Digger (level 7, -7/36 HPs)
             Began as a Gargoyle Earth Elementalist on June 16, 2016.
             Was an Initiate of Vehumet.
             Mangled by an orc warrior
             ... wielding a +0 halberd
              (12 damage)
             ... on level 3 of the Dungeon.
             The game lasted 00:25:51 (3436 turns).

KrisztiCat the Digger (Gargoyle Earth Elementalist) Turns: 3436, Time: 00:25:51

Health: -7/36      AC:  7    Str: 12    XL:     7   Next: 34%
Magic:  13/16      EV: 12    Int: 17    God:    Vehumet [......]
Gold:   221        SH:  0    Dex: 10    Spells: 1 memorised, 17 levels left

rFire  x . .     SeeInvis .     b - 74 stones
rCold  + . .     Gourm    .     a - +0 robe
rNeg   + . .     Faith    .     (no shield)
rPois  ∞         Spirit   .     (no helmet)
rElec  +         Dismiss  .     s - +0 cloak (curse)
rCorr  .         Reflect  .     (no gloves)
SustAt .         Harm     .     (no boots)
MR     .....                    (no amulet)
Stlth  +++.......               n - ring of stealth
                                m - ring of ice

@: not resistant to hostile enchantments, fairly stealthy
A: negative energy resistance 1, electricity resistance, unbreathing,
petrification resistance, rot immunity, AC +4
a: Renounce Religion


You were on level 3 of the Dungeon.
You worshipped Vehumet.
Vehumet was noncommittal.
You were not hungry.

You visited 2 branches of the dungeon, and saw 6 of its levels.

You collected 221 gold pieces.

Inventory:

Hand Weapons
 o - a +5 short sword
Missiles
 b - 74 stones (in hand)
Armour
 a - a +0 robe (worn)
 s - a cursed +0 cloak (worn)
Jewellery
 m - a ring of ice (left hand)
 n - a ring of stealth (right hand)
Wands
 l - a wand of digging (14/24)
Scrolls
 i - 3 scrolls of immolation
Potions
 f - a potion of lignification {unknown}
 h - 2 potions of berserk rage {unknown}
 k - a potion of might {unknown}
 q - a potion of brilliance {unknown}
 r - a potion of invisibility {unknown}
 t - a potion of curing {unknown}
Books
 c - a book of Geomancy

   Spells                             Type                      Level
   a - Sandblast                      Earth                        1
   b - Passwall                       Transmutation/Earth          2
   c - Stone Arrow                    Conjuration/Earth            3
   d - Petrify                        Transmutation/Earth          4
   e - Lee's Rapid Deconstruction     Earth                        5
Comestibles
 d - 4 bread rations
 g - a meat ration


   Skills:
 - Level 1.5 Dodging
 - Level 2.1 Stealth
 * Level 6.0 Spellcasting
   Level 0.7 Transmutations
 + Level 6.4 Earth Magic


You had 17 spell levels left.
You knew the following spells:

 Your Spells              Type           Power        Failure   Level  Hunger
a - Sandblast             Erth           ####..       1%          1    None


Dungeon Overview and Level Annotations

Branches:
Dungeon (5/15)             Temple (1/1) D:4

Altars:
Ashenzari
Cheibriados
Dithmenos
Elyvilon
Fedhas
Gozag
Kikubaaqudgha
Makhleb
Nemelex Xobeh
Okawaru
Pakellas
Qazlal
Ru
Sif Muna
Trog
Vehumet
Xom
Yredelemnul
Zin
The Shining One


Innate Abilities, Weirdness & Mutations

You are resistant to torment.
Your stone body is resilient (AC +4).
You are immune to poison.
You resist negative energy.
You are resistant to electric shocks.
You can survive without breathing.
You are immune to petrification.
You are immune to rotting.


Message History

The rocky blast hits the orc warrior.
The orc warrior is heavily wounded.
The orc warrior hits you with a halberd!
* * * LOW HITPOINT WARNING * * *
The orc hits you but does no damage.
The orc warrior hits you with a halberd.
* * * LOW HITPOINT WARNING * * *
The orc hits you with a flail.
* * * LOW HITPOINT WARNING * * *
You climb upwards.
There is a stone staircase leading down here.
Casting: Sandblast
Confirm with . or Enter, or press ? or * to list all spells.
Aiming: Sandblast
Press: ? - help, Shift-Dir - straight line, f - orc warrior
Aim: an orc warrior, wielding a halberd and wearing a chain mail (heavily wounded)
The rocky blast hits the orc warrior.
The orc warrior is severely wounded.
The orc warrior hits you with a halberd!
You die...

.#.......<.................#
#..
.#.....)...................#
#..
.#.........................#
###
.#......................####
.#......................#
.#................#.#...#
.#................#.#...#
.##################.#...#
...............o@o..#...#
'####################...#
........................#
........................##
................÷........#
.........................#
######################.).#
#...# #...#


You could see an orc warrior and an orc.

Vanquished Creatures
  An ogre (D:4)
  4 orc priests (D:4)
  Jessica (D:2)
  An iguana (D:4)
  Terence (D:2)
  2 orc wizards
  3 worker ants
  3 gnolls (D:2)
  4 adders
  An ooze (D:3)
  An adder zombie (D:3)
  3 worms
  4 dart slugs
  6 giant geckos
  10 orcs
  8 bats
  4 giant cockroaches (D:1)
  5 goblins
  7 hobgoblins
  A quokka (D:2)
  2 ball pythons
  A giant newt (D:3)
  6 kobolds
  9 rats
88 creatures vanquished.

Notes
Turn   | Place    | Note
--------------------------------------------------------------
     0 | D:1      | KrisztiCat the Gargoyle Earth Elementalist began the quest for the Orb.
     0 | D:1      | Reached XP level 1. HP: 10/10 MP: 3/3
   292 | D:1      | Reached XP level 2. HP: 14/15 MP: 1/5
   937 | D:1      | Reached XP level 3. HP: 15/19 MP: 0/7
  1021 | D:2      | Noticed Jessica
  1024 | D:2      | Killed Jessica
  1024 | D:2      | Reached XP level 4. HP: 24/24 MP: 5/9
  1264 | D:2      | Reached XP level 5. HP: 18/28 MP: 7/10
  1512 | D:2      | Noticed Terence
  1524 | D:2      | Killed Terence
  1524 | D:2      | Reached skill level 5 in Earth Magic
  1883 | D:3      | Reached XP level 6. HP: 32/32 MP: 1/12
  2389 | D:5      | Entered Level 5 of the Dungeon
  2418 | D:4      | Reached skill level 5 in Spellcasting
  2557 | D:4      | Found a staircase to the Ecumenical Temple.
  2585 | D:4      | Reached XP level 7. HP: 18/36 MP: 4/15
  2601 | Temple   | Entered the Ecumenical Temple
  2657 | Temple   | Became a worshipper of Vehumet
  2883 | D:4      | Found a shadowy altar of Dithmenos.
  2884 | D:4      | Found a deep blue altar of Sif Muna.
  3139 | D:4      | HP: 1/36 [orc warrior/halberd (10)]
  3436 | D:3      | Mangled by an orc warrior

Skill      XL: |  1  2  3  4  5  6  7 |
---------------+----------------------+-----
Earth Magic    | 4 5 6 |  6.4
Spellcasting   | 3 4 5 6 |  6.0
Dodging        | |  1.5
Stealth        | |  2.1
Transmutations | |  0.7

Action                   |  1- 3 |  4- 6 |  7- 9 || total
-------------------------+-------+-------+-------++-------
Melee: Unarmed           |     3 |       |       ||     3
       Short sword       |     1 |    78 |     5 ||    84
 Cast: Sandblast         |    41 |   136 |    32 ||   209
  Use: Scroll            |       |     2 |     2 ||     4
       Potion            |       |     1 |       ||     1
  Eat: Chunk             |     1 |     5 |     1 ||     7
       Meat ration       |       |       |     1 ||     1
Armor: Robe              |     9 |    47 |     3 ||    59
Dodge: Dodged            |    33 |   102 |    14 ||   149
